 Dungeon Crawl Stone Soup version 0.26.0-15-gc6cd9f7 (webtiles) character file.

Game seed: 17929771205537596770

40 Matudinoluver the Bolt Thrower (level 3, -2/22 HPs)
             Began as a Kobold Hunter on Jan 19, 2021.
             Slain by a quokka (4 damage)
             ... on level 2 of the Dungeon.
             The game lasted 00:07:42 (684 turns).

Matudinoluver the Bolt Thrower (Kobold Hunter)       Turns: 684, Time: 00:07:43

Health: -2/22      AC:  9    Str:  9    XL:     3   Next: 72%
Magic:  3/3        EV:  6    Int: 12    God:
Gold:   48         SH:  0    Dex: 16    Spells: 2/2 levels left

rFire    . . .     SeeInvis .   a - +1 hand crossbow
rCold    . . .     Faith    .   (shield restricted)
rNeg     . . .     Spirit   .   f - +0 chain mail (curse)
rPois    .         Reflect  .   (no helmet)
rElec    .         Harm     .   (no cloak)
rCorr    .         Rampage  .   (no gloves)
Will     .....                  n - +0 pair of boots
Stlth    ..........             (no amulet)
HPRegen  0.07/turn              (no ring)
MPRegen  0.08/turn              (no ring)

@: lethally poisoned (-2 -> -9)
A: small, nightstalker 3
a: no special abilities


You were on level 2 of the Dungeon.
You visited 1 branch of the dungeon, and saw 2 of its levels.

You collected 48 gold pieces.

Inventory:

Hand Weapons
 a - a +1 hand crossbow (weapon)
 b - a +0 short sword
 h - a +0 club
 o - a +0 club
 p - a +0 spear
Missiles
 d - 7 bolts (quivered ammo)
 i - 32 stones
Armour
 c - a +0 leather armour
 f - a cursed +0 chain mail (worn)
 n - a +0 pair of boots (worn)
Jewellery
 k - an uncursed ring of fire {unknown}
 q - an uncursed ring of stealth
Scrolls
 j - a scroll of remove curse {unknown}
 l - a scroll of magic mapping {unknown}
Potions
 e - a potion of might {unknown}
 g - a potion of magic {unknown}
 m - a potion of lignification {unknown}


   Skills:
 + Level 2.3 Fighting
 + Level 6.2 Crossbows
 + Level 2.4 Dodging
 + Level 1.3 Stealth


You had 2 spell levels left.
You didn't know any spells.
Your spell library was empty.

Dungeon Overview and Level Annotations

Branches:
Dungeon (2/15)

Altars:


Innate Abilities, Weirdness & Mutations

You are small and have problems with some larger weapons.
You are completely attuned to the shadows.


Message History

* * * LOW HITPOINT WARNING * * *
The adder bites you but does no damage. The adder barely misses you.
The quokka bites you but does no damage.
The adder bites you but does no damage. The quokka barely misses you.
The adder bites you but does no damage.
Found a stone staircase leading down.
The quokka bites you but does no damage.
A kobold comes into view. It is wielding a +0 dagger.
The adder barely misses you.
The kobold throws a stone.
The stone hits you but does no damage.
You feel sick.
You are no longer poisoned.
The kobold throws a stone.
The stone barely misses you.
The stone hits the quokka but does no damage.
The quokka bites you but does no damage.
The adder bites you.
* * * LOW HITPOINT WARNING * * *
You are lethally poisoned!
The adder poisons you! The quokka bites you.
You die...

########.>##..
..............
............#
..........K.#
.......(SS..#
....(...r@..#
............#
.....<†.....+
(....(......#
............#
..........
.....(....


You could see 2 adders, a quokka and a kobold.

Vanquished Creatures
  2 oozes (D:1)
  2 dart slugs (D:1)
  A leopard gecko (D:2)
  A giant cockroach (D:1)
  4 goblins (D:1)
  2 hobgoblins (D:1)
  A jackal (D:1)
  A ball python (D:1)
  6 bats (D:1)
  3 frilled lizards (D:1)
  A kobold (D:1)
  4 rats (D:1)
28 creatures vanquished.

Notes
Turn   | Place    | Note
-------+----------+-------------------------------------------
     0 | D:1      | Matudinoluver the Kobold Hunter began the quest for the
                  | Orb.
     0 | D:1      | Reached XP level 1. HP: 12/12 MP: 1/1
    91 | D:1      | Reached skill level 5 in Crossbows
   166 | D:1      | Reached XP level 2. HP: 16/17 MP: 2/2
   282 | D:1      | Reached XP level 3. HP: 18/21 MP: 3/3
   469 | D:1      | Reached skill level 6 in Crossbows
   684 | D:2      | Slain by a quokka

Illustrated notes

Levels and vault maps discovered:
D:1:      dpeg_arrival_orchard, layout_loops_cross, minmay_heptomino_h4
D:2:      layout_basic, lemuel_doored_altar, grunt_dithmenos_smoke_and_mirrors,
          nicolae_overflow_crystal_walls

Skill      XL: |  1  2  3 |
---------------+----------+-----
Crossbows      | 5 6 |  6.2
Fighting       | |  2.3
Dodging        | |  2.4
Stealth        | |  1.3

Action                   || total
-------------------------++-------
 Fire: Hand crossbow     ||    65
Armor: Chain mail        ||    46
Dodge: Dodged            ||    26
